 Dungeon Crawl Stone Soup version 0.19.0 (webtiles) character file.

77 TheGoonsmith the Skirmisher (level 4, 0/49 HPs)
             Began as an Ogre Hunter on Nov 14, 2016.
             Was an Initiate of Dithmenos.
             Slain by a gnoll
             ... wielding a +0 spear
              (7 damage)
             ... on level 2 of the Dungeon.
             The game lasted 00:02:30 (2151 turns).

TheGoonsmith the Skirmisher (Ogre Hunter)           Turns: 2151, Time: 00:02:31

Health: 0/49       AC:  3    Str: 17    XL:     4   Next: 33%
Magic:  4/4        EV: 10    Int: 10    God:    Dithmenos [......]
Gold:   36         SH:  0    Dex: 11    Spells: 0 memorised, 3 levels left

rFire  . . .     SeeInvis .     o - +0 mace
rCold  . . .     Gourm    .     b - +0 robe
rNeg   . . .     Faith    .     (no shield)
rPois  .         Spirit   .     (helmet restricted)
rElec  .         Reflect  .     (no cloak)
rCorr  .         Harm     .     (gloves unavailable)
MR     .....                    (boots unavailable)
Stlth  +.........               (no amulet)
                                (no ring)
                                (no ring)

@: no status effects
A: unfitting armour, tough skin 1
a: Renounce Religion


You were on level 2 of the Dungeon.
You worshipped Dithmenos.
Dithmenos was noncommittal.
You were not hungry.

You visited 1 branch of the dungeon, and saw 2 of its levels.

You collected 36 gold pieces.

Inventory:

Hand Weapons
 a - a +0 short sword
 e - a +0 club
 o - a +0 mace (weapon)
Missiles
 c - 5 large rocks (quivered)
 d - 2 throwing nets
Armour
 b - a +0 robe (worn)
Scrolls
 h - a scroll of recharging {unknown}
 i - a scroll of magic mapping
 l - a scroll of noise {unknown}
 m - a scroll of teleportation {unknown}
 n - 2 scrolls of identify {unknown}
Comestibles
 f - 2 bread rations
 g - a meat ration
 j - 2 fruits
 k - a chunk of flesh
 p - a beef jerky


   Skills:
 + Level 4.8 Fighting
 * Level 3.1 Maces & Flails
 - Level 4.0 Throwing
 - Level 1.7 Dodging
 - Level 0.6 Stealth


You had 3 spell levels left.
You didn't know any spells.

Dungeon Overview and Level Annotations

Branches:
Dungeon (2/15)

Altars:
Dithmenos
Okawaru
Qazlal
Vehumet


Innate Abilities, Weirdness & Mutations

You are too large for most types of armour.
You have tough skin. (AC +1)


Message History

You hit the gnoll.
The gnoll is lightly wounded.
The gnoll hits you.
You hit the gnoll.
The gnoll is heavily wounded.
The gnoll hits you. The gnoll misses you. The gnoll hits you!
* * * LOW HITPOINT WARNING * * *
The gnoll misses you.
You hit the gnoll but do no damage.
The gnoll is heavily wounded.
The gnoll closely misses you.
The gnoll hits you from afar with a spear.
* * * LOW HITPOINT WARNING * * *
Okay, then.
You aren't carrying any potions.
As you read the scroll labeled UNIOFE ETHONOTZ, it crumbles to dust.
You feel aware of your surroundings.
It was a scroll of magic mapping.
The gnoll closely misses you.
The gnoll hits you from afar with a spear!
You die...

#...#,*#......
######...#,*#.##...
#........#,*#.##...
#.####.#.#,*#.##... #.#
#g#.#,*#.##...
#.####)#.#,*#.#####
#..<##.#.#,*#.#####
##########.#.#,*#......
#.....@ggg.#,*,*#......
#.##########.#.###.####
*,* *............ *,*
*....###.#... *,*
*..,,* #.#.## *,*
*,,,,* #.#... *,*
*..,,* #.#### *,*
*....###>....
*,*********............


You could see 3 gnolls.

Vanquished Creatures
  2 adders (D:2)
  A gnoll (D:2)
  An ooze (D:1)
  A worm (D:2)
  2 dart slugs
  A giant cockroach (D:1)
  7 goblins
  6 hobgoblins (D:1)
  2 kobolds
  5 bats
  4 frilled lizards
  5 rats (D:1)
37 creatures vanquished.

Notes
Turn   | Place    | Note
-------+----------+-------------------------------------------
     0 | D:1      | TheGoonsmith the Ogre Hunter began the quest for the Orb.
     0 | D:1      | Reached XP level 1. HP: 22/22 MP: 1/1
     0 | D:1      | Noticed a shadow dragon
     0 | D:1      | Noticed an ice dragon
     2 | D:1      | Noticed an iron dragon
     4 | D:1      | Noticed a tentacled monstrosity
     5 | D:1      | Noticed a shadow dragon
     7 | D:1      | Noticed a tentacled monstrosity
    10 | D:1      | Noticed a red draconian
    12 | D:1      | Noticed a tentacled monstrosity
    12 | D:1      | Noticed a mottled draconian
    14 | D:1      | Noticed a tentacled monstrosity
    16 | D:1      | Noticed a large abomination
    16 | D:1      | Noticed an orb of fire
    16 | D:1      | Noticed an ice dragon
    18 | D:1      | Noticed an orb of fire
    18 | D:1      | Noticed a tentacled monstrosity
   231 | D:1      | Reached XP level 2. HP: 28/31 MP: 2/2
   678 | D:1      | Reached skill level 1 in Maces & Flails
   997 | D:1      | Reached XP level 3. HP: 39/39 MP: 3/3
  1767 | D:2      | Found an iron altar of Okawaru.
  1783 | D:2      | Found a radiant altar of Vehumet.
  1784 | D:2      | Found a shadowy altar of Dithmenos.
  1796 | D:2      | Became a worshipper of Dithmenos the Shadowed
  1864 | D:2      | Reached XP level 4. HP: 49/49 MP: 4/4
  1868 | D:2      | Found a faded altar of an unknown god.
  1868 | D:2      | Found a faded altar of an unknown god.
  1873 | D:2      | Found a stormy altar of Qazlal.
  1875 | D:2      | Found a faded altar of an unknown god.
  1876 | D:2      | Found a faded altar of an unknown god.
  2151 | D:2      | Slain by a gnoll

Skill      XL: |  1  2  3  4 |
---------------+-------------+-----
Fighting       | 3 4 |  4.8
Maces & Flails | 1 2 3 |  3.1
Throwing       | |  4.0
Dodging        | |  1.7
Stealth        | |  0.6

Action                   |  1- 3 |  4- 6 || total
-------------------------+-------+-------++-------
Melee: Short sword       |    43 |       ||    43
       Club              |    68 |       ||    68
       Mace              |    14 |    22 ||    36
  Use: Scroll            |       |     1 ||     1
 Stab: Sleeping          |     5 |       ||     5
  Eat: Chunk             |     3 |     1 ||     4
Armor: Robe              |    42 |     5 ||    47
Dodge: Dodged            |    93 |    16 ||   109
